 Dungeon Crawl Stone Soup version 0.27.0-1-g7a089689b8 (webtiles) character file.

Game seed: 9186601040039736385

443 Spaninq the Covert (level 7, 0/60 (61) HPs)
             Began as a Naga Brigand on Aug 13, 2021.
             Slain by a hound (1 damage)
             ... on level 4 of the Dungeon.
             The game lasted 00:09:39 (3695 turns).

Spaninq the Covert (Naga Brigand)                   Turns: 3695, Time: 00:09:39

HP:   0/60 (61)     AC:  9    Str: 13    XL:     7   Next: 2%
MP:   0/9           EV:  9    Int: 12    God:
Gold: 178           SH:  0    Dex: 14    Spells: 6/8 levels left

rFire    . . .     SeeInvis +   t - +2 short sword (venom)
rCold    . . .     Faith    .   (no shield)
rNeg     . . .     Spirit   +   b - +0 robe
rPois    +         Reflect  .   p - +1 hat
rElec    .         Harm     .   c - +0 cloak
rCorr    .         Rampage  .   (no gloves)
Will     .....                  (no barding)
Stlth    ++++......             f - amulet of guardian spirit
HPRegen  0.20/turn              v - +4 ring of protection
MPRegen  0.11/turn              (no ring)

@: lightly drained, very slow
A: AC +2, large, see invisible, deformed body, poison resistance, slowness 2,
spit poison 1, naga tail 1
a: Spit Poison


You were on level 4 of the Dungeon.
You visited 1 branch of the dungeon, and saw 5 of its levels.

You collected 178 gold pieces.

Inventory:

Hand Weapons
 a - a +2 dagger
 t - a +2 short sword of venom (weapon)
Missiles
 d - 22 poisoned darts (quivered)
 e - 2 curare-tipped darts
 n - 3 datura-tipped darts
Armour
 b - a +0 robe (worn)
 c - a +0 cloak (worn)
 p - a +1 hat (worn)
Jewellery
 f - an amulet of guardian spirit (around neck)
 v - a +4 ring of protection (left hand)
Scrolls
 i - a scroll of identify
 k - a scroll of amnesia {unknown}
 m - a scroll of enchant armour
 u - 2 scrolls of teleportation
 x - a scroll of blinking
Potions
 g - a potion of berserk rage
 h - a potion of ambrosia {unknown}
 j - a potion of brilliance {unknown}
 q - a potion of haste {unknown}
 r - 2 potions of heal wounds {unknown}
 w - a potion of curing {unknown}


   Skills:
 - Level 2.5 Fighting
 - Level 3.0 Short Blades
 - Level 1.7 Throwing
 - Level 0.7 Dodging
 * Level 10.3 Stealth
 + Level 1.4 Spellcasting
 + Level 1.4 Hexes
 + Level 1.4 Ice Magic


You had 6 spell levels left.
You knew the following spells:

 Your Spells              Type           Power      Damage    Failure   Level
a - Ensorcelled Hibernat  Hex/Ice        8%         N/A       24%         2

Your spell library contained the following spells:

 Spells                   Type           Power      Damage    Failure   Level
 Corona                   Hex            4%         N/A       16%         1
 Tukima's Dance           Hex            4%         N/A       43%         3


Dungeon Overview and Level Annotations

Branches:
Dungeon (5/15)
 Temple: D:4-7

Altars:

Shops:
D:3 (

Annotations:
D:2 Natasha
D:4 3 runed translucent doors, AlmostDecent's ghost, novice GrFi; Strat's ghost, amateur PaBr; boggle's ghost, amateur OpTm


Innate Abilities, Weirdness & Mutations

Your serpentine skin is tough. (AC +2)
You have supernaturally acute eyesight. (SInv)
Armour fits poorly on your strangely shaped body.
Your system is resistant to poisons. (rPois)
You cover ground very slowly.
You can spit poison.
You have a snake-like lower body.


Message History

The hound barely misses you.
There is a stone staircase leading up here.
The hound closely misses you. The necrophage closely misses you.
The hound bites you but does no damage.
You climb upwards.
Level annotation: 3 runed translucent doors, AlmostDecent's ghost, novice GrFi; Strat's ghost, amateur PaBr; boggle's ghost, amateur OpTm
There is a stone staircase leading down here.
The hound misses you. The hound closely misses you.
The necrophage hits you but does no damage.
The hound barely misses you. The hound bites you.
* * * LOW HITPOINT WARNING * * *
The necrophage closely misses you. The hound bites you but does no damage.
The hound bites you but does no damage. The necrophage hits you.
* * * LOW HITPOINT WARNING * * *
You feel drained. The hound closely misses you.
Items here: ))))) [[ รทรทรท.
Press: ? - help, Shift-Dir - straight line, f - hound
Aim: a hound The splash of poison hits the hound!
The hound is severely wounded.
The hound closely misses you. The hound bites you.
* * * LOW HITPOINT WARNING * * *
Your +2 short sword of venom begins to drip with poison!
t - a +2 short sword of venom (weapon)
You closely miss the hound.
The hound is severely wounded.
The hound bites you.
* * * LOW HITPOINT WARNING * * *
The hound bites you but does no damage.
You completely miss the hound.
The hound is severely wounded.
You have got your breath back.
The hound bites you but does no damage.
You hit the hound.
The hound is poisoned.
The hound is almost dead.
The hound bites you.
You die...

##.### #...........# ##...###
##...........# ###......###
##..#..).....## ##..........##
#..#####.....#
###............###=## ####.##
##.............###..### ###
#..............##..##.####
..........>....##..##....####
..............nh@..##.......####
..............####.............##
...>..........# ###.............
........)....## #.............
.............# #.<...........
#..........### ##.....).......
..........## #..............
........### #..............
#....#### #..............


You could see a necrophage and a hound (very poisoned).

Vanquished Creatures
  A black bear (D:5)
  An ogre (D:4)
  2 scorpions (D:4)
  A howler monkey (D:4)
  An orc wizard (D:4)
  An adder (D:4)
  2 worms
  3 dart slugs (D:2)
  8 orcs
  5 ball pythons
  4 endoplasms
  A giant cockroach (D:1)
  4 goblins
  2 hobgoblins
  10 jackals
  A bat (D:1)
  A frilled lizard (D:1)
  2 kobolds
  5 rats
55 creatures vanquished.

Vanquished Creatures (others)
  2 withered plants (D:4)
2 creatures vanquished.

Grand Total: 57 creatures vanquished

Notes
Turn   | Place    | Note
-------+----------+-------------------------------------------
     0 | D:1      | Spaninq the Naga Brigand began the quest for the Orb.
     0 | D:1      | Reached XP level 1. HP: 19/19 MP: 1/1
    79 | D:1      | Reached skill level 6 in Stealth
   551 | D:1      | Reached XP level 2. HP: 26/26 MP: 2/2
  1059 | D:2      | Noticed Natasha
  1114 | D:2      | Reached skill level 7 in Stealth
  1160 | D:2      | Reached XP level 3. HP: 27/32 MP: 3/3
  2108 | D:3      | Found Teleqokk's Weapon Shop.
  2428 | D:4      | Found a runed translucent gate.
  2428 | D:4      | Found a runed translucent gate.
  2428 | D:4      | Found a runed translucent gate.
  2571 | D:4      | Noticed a scorpion
  2578 | D:4      | Killed a scorpion
  2579 | D:4      | Reached skill level 9 in Stealth
  2579 | D:4      | Reached XP level 4. HP: 30/39 MP: 2/4
  2697 | D:4      | Noticed a scorpion
  2717 | D:4      | Killed a scorpion
  2718 | D:4      | Reached XP level 5. HP: 22/46 MP: 3/5
  2948 | D:4      | Learned a level 2 spell: Ensorcelled Hibernation
  3013 | D:4      | Reached XP level 6. HP: 37/55 MP: 3/6
  3552 | D:4      | Reached skill level 10 in Stealth
  3552 | D:4      | Reached skill level 1 in Spellcasting
  3552 | D:4      | Reached skill level 1 in Hexes
  3552 | D:4      | Reached skill level 1 in Ice Magic
  3603 | D:4      | Noticed AlmostDecent's ghost (novice GrFi)
  3604 | D:4      | Noticed Strat's ghost (amateur PaBr)
  3604 | D:4      | Noticed boggle's ghost (amateur OpTm)
  3625 | D:5      | Entered Level 5 of the Dungeon
  3656 | D:5      | Noticed a black bear
  3662 | D:5      | Killed a black bear
  3663 | D:5      | Reached XP level 7. HP: 43/61 MP: 7/9
  3691 | D:4      | HP: 3/60 [hound (2)]
  3693 | D:4      | HP: 1/60 [hound (3)]
  3695 | D:4      | Slain by a hound

Illustrated notes

Levels and vault maps discovered:
D:1:      enne_arrival_octagon_isle, layout_basic
D:2:      layout_rooms, uniq_natasha
D:3:      layout_basic, serial_shops, nicolae_shop_trees
D:4:      layout_cave_pods, gammafunk_ghost_cemetery
D:5:      layout_cave_pools, nicolae_uskayaw_en_pointe, gup_sewer_entry_bubbles

Skill      XL: |  1  2  3  4  5  6 |
---------------+-------------------+-----
Stealth        | 6 7 9 10 | 10.3
Short Blades   | 3 |  3.0
Spellcasting   | 1 |  1.4
Hexes          | 1 |  1.4
Ice Magic      | 1 |  1.4
Fighting       | |  2.5
Throwing       | |  1.7
Dodging        | |  0.7

Action                   |  1- 3 |  4- 6 |  7- 9 || total
-------------------------+-------+-------+-------++-------
Melee: Dagger            |    89 |    64 |     1 ||   154
       Short sword       |       |     5 |     3 ||     8
 Abil: Spit Poison       |     1 |    17 |     1 ||    19
  Use: Scroll            |       |     8 |       ||     8
 Stab: Sleeping          |    11 |     6 |       ||    17
Armor: Robe              |    26 |    18 |    20 ||    64
Dodge: Dodged            |    39 |    33 |    17 ||    89
